 Dungeon Crawl Stone Soup version 0.30-a0-1094-g860fb061e7 (webtiles) character file.

Game seed: 5660887032823108693

118 lunkers the Slasher (level 5, 0/45 HPs)
             Began as a Meteoran Fighter on Apr 17, 2023.
             Was a Follower of Fedhas.
             Succumbed to a killer bee's poison
             ... on level 3 of the Dungeon.
             The game lasted 00:01:45 (1108 turns).

lunkers the Slasher (Meteoran Fighter)              Turns: 1108, Time: 00:01:46

Health: 0/45       AC:  6    Str: 17    XL:     5   Next: 48%
Magic:  6/6        EV:  9    Int:  9    God:    Fedhas [*.....]
Gold:   228        SH:  5    Dex: 16    Spells: 4/4 levels left

rFire   . . .      SeeInvis .    a - +0 long sword
rCold   . . .      Faith    .    c - +0 buckler
rNeg    . . .      Spirit   .    b - +0 scale mail
rPois   .          Reflect  .    (no helmet)
rElec   .          Rampage  .    (no cloak)
rCorr   .                        (no gloves)
Will    .....                    (no boots) Stlth
                                 (no amulet)
HPRegen 0.27/turn                (no ring)
MPRegen 0.10/turn                (no ring)

@: lethally poisoned (0 -> -9), glowing
A: sense surroundings 1, otherworldly, glowing, explore regen
a: Renounce Religion


You were on level 3 of the Dungeon.
You worshipped Fedhas.
Fedhas was aware of your devotion.
You visited 1 branch of the dungeon, and saw 4 of its levels.

You collected 228 gold pieces.

Inventory:

Hand Weapons
 a - a +0 long sword (weapon)
Armour
 b - a +0 scale mail (worn)
 c - a +0 buckler (worn)
Jewellery
 g - a ring of protection from fire
Scrolls
 f - 2 scrolls of identify {unknown}
 i - a scroll of immolation {unknown}
 j - a scroll of silence {unknown}
 k - a scroll of noise {unknown}
 l - a scroll of brand weapon {unknown}
Potions
 d - a potion of might
 e - a potion of haste {unknown}
 h - a potion of mutation {unknown}
 m - a potion of ambrosia {unknown}
 n - a potion of curing {unknown}


   Skills:
 - Level 3.2 Fighting
 + Level 6.1 Long Blades
 - Level 3.6 Armour
 - Level 3.6 Shields


You had 4 spell levels left.
You didn't know any spells.
Your spell library contained the following spells:

 Spells                   Type           Power      Damage    Failure   Level
 Vhi's Electric Charge    Tloc/Air       0%         N/A       99%         3
 Arcjolt                  Conj/Air       0%         1d10      100%        5
 Maxwell's Capacitive Co  Air            0%         ∞         100%        8


Dungeon Overview and Level Annotations

Branches:
Dungeon (4/15) Zot: 1261
 Temple: D:4-7

Altars:
Ashenzari
Elyvilon
Fedhas
Hepliaklqana
Nemelex Xobeh
Sif Muna
Zin
The Shining One

Shops:
D:3 (


Innate Abilities, Weirdness & Mutations

You passively map a small area around you.
You are easily found by Zot.
You glow in the dark.
You regain HP and MP as you explore.


Message History

The killer bee stings you but does no damage.
Your Long Blades skill increases to level 6!
You have reached level 5!
Unknown command.
Unknown command.
You slash the killer bee!
The killer bee is severely wounded.
You feel sick.
The killer bee stings you but does no damage.
The killer bee stings you.
* * * LOW HITPOINT WARNING * * *
Unknown command.
Unknown command.
You barely miss the killer bee.
The killer bee is severely wounded.
You feel sick. The killer bee stings you.
* * * LOW HITPOINT WARNING * * *
You are more poisoned.
The killer bee poisons you! The killer bee stings you.
* * * LOW HITPOINT WARNING * * *
The killer bee stings you but does no damage.
Unknown command.
Unknown command.
You feel sick.
The killer bee stings you but does no damage.
There is a stone staircase leading up here.
You feel sick. The killer bee stings you.
* * * LOW HITPOINT WARNING * * *
You are lethally poisoned!
The killer bee poisons you! You block the killer bee's attack.
You climb upwards.
* * * LOW HITPOINT WARNING * * *
You feel very sick.
There is a stone staircase leading down here.
Unknown command.
Unknown command.
You barely miss the killer bee.
The killer bee is severely wounded.
You die...
Fedhas appreciates your contribution to the ecosystem.

.....................#.........
..............................
.................<...#.......
..............##.##.##.....
.....................# .). ,
..............##.##.## ..
...............#.# .# , ,
####.............##.# , , ,
####...∩...##@y..#
############### , , , *


You could see a killer bee.

Vanquished Creatures
  A killer bee (D:4)
  2 adders
  A worm (D:2)
  2 dart slugs
  2 orcs (D:3)
  5 endoplasms
  2 giant cockroaches
  3 goblins (D:2)
  A hobgoblin (D:2)
  5 jackals
  2 kobolds
  2 quokkas
  7 ball pythons
  4 bats
  4 frilled lizards
  4 rats
47 creatures vanquished.

Vanquished Creatures (others)
  3 plants (D:2)
3 creatures vanquished.

Grand Total: 50 creatures vanquished

Notes
Turn   | Place    | Note
-------+----------+-------------------------------------------
     0 | D:1      | lunkers the Meteoran Fighter began the quest for the Orb.
     0 | D:1      | Reached XP level 1. HP: 19/19 MP: 2/2
     6 | D:1      | Noticed an eight-headed hydra
     6 | D:1      | Noticed a lindwurm
     7 | D:1      | Noticed a killer bee
     7 | D:1      | Noticed a komodo dragon
   120 | D:1      | Reached skill level 3 in Long Blades
   120 | D:1      | Reached XP level 2. HP: 25/26 MP: 3/3
   410 | D:1      | Reached XP level 3. HP: 30/31 MP: 4/4
   469 | D:2      | Reached skill level 4 in Long Blades
   552 | D:2      | Reached XP level 4. HP: 30/38 MP: 5/5
   617 | D:2      | Found a faded altar of an unknown god.
   628 | D:2      | Prayed at the altar of an unknown god.
   628 | D:2      | Became a worshipper of Fedhas Madash
   628 | D:2      | Reached * piety under Fedhas
   773 | D:3      | Reached skill level 5 in Long Blades
   838 | D:3      | Found a broken altar of Ashenzari.
   850 | D:3      | Found a hazy altar of Hepliaklqana.
   869 | D:3      | Found a shimmering blue altar of Sif Muna.
   879 | D:3      | Found Taiceon's Weapon Emporium.
   979 | D:3      | Found a glowing golden altar of the Shining One.
   979 | D:3      | Found a glowing silver altar of Zin.
   979 | D:3      | Found a white marble altar of Elyvilon.
  1081 | D:3      | Found a sparkling altar of Nemelex Xobeh.
  1103 | D:4      | Reached skill level 6 in Long Blades
  1103 | D:4      | Reached XP level 5. HP: 20/45 MP: 6/6
  1107 | D:3      | HP: 2/45 [poisoned by a killer bee]
  1108 | D:3      | Succumbed to a killer bee's poison

Illustrated notes

Levels and vault maps discovered:
D:1:      onia_arrival_zoo_common, layout_loops_ring
D:2:      layout_basic, shapermc_ecumenical_altar_mp_ritualfount, st_stairs_10,
          minmay_pentomino_o2
D:3:      layout_basic, dreamdust_divine_triumvirate,
          nicolae_overflow_hidden_temple, serial_shops, shop
D:4:      layout_basic, gammafunk_temple_overflow_wave,
          nicolae_shop_sticking_my_neck_out, uniq_robin, uniq_ijyb

Skill      XL: |  1  2  3  4 |
---------------+-------------+-----
Long Blades    | 3 4 6 |  6.1
Fighting       | |  3.2
Armour         | |  3.6
Shields        | |  3.6

Action                     |  1- 3 |  4- 6 || total
---------------------------+-------+-------++-------
  Melee: Long sword        |    76 |    55 ||   131
 Armour: Scale mail        |    39 |    23 ||    62
  Dodge: Dodged            |    45 |    17 ||    62
  Block: Buckler           |    31 |    16 ||    47

Table legend: (Time is in decaauts)
 A = Elapsed time spent in this place.
 B = Non-inter-level travel time spent in this place.
 C = Inter-level travel time spent in this place.
 D = Time resting spent in this place.
 E = Time spent auto-exploring this place.
 F = Levels seen in this place.
 G = Mean time per level.
                   A        B        C        D        E       F      G
               +--------+--------+--------+--------+--------+-----+--------+
         Total |   1138 |   1087 |     51 |      0 |    782 |   4 |  284.5 |
       Dungeon |   1138 |   1087 |     51 |      0 |    782 |   4 |  284.5 |
               +--------+--------+--------+--------+--------+-----+--------+

Top non-repeatable levels by time:
     D:1: 443 daAuts
     D:3: 399 daAuts
     D:2: 281 daAuts
     D:4: 14 daAuts
